 Dungeon Crawl Stone Soup version 0.22.1-2-g9c5b331383 (webtiles) character file.

5803 Knicklaso the Fighter (level 10, -9/91 HPs)
             Began as a Minotaur Transmuter on Nov 22, 2018.
             Was an Elder of Wu Jian.
             Killed from afar by a gargoyle (20 damage)
             ... with a stone arrow
             ... on level 10 of the Dungeon.
             The game lasted 00:30:29 (13696 turns).

Knicklaso the Fighter (Minotaur Transmuter)        Turns: 13696, Time: 00:30:30

Health: -9/91      AC:  5    Str: 20    XL:     10   Next: 50%
Magic:  14/14      EV: 15    Int: 13    God:    Wu Jian [****..]
Gold:   362        SH:  0    Dex: 11    Spells: 15/16 levels left

rFire    x . .     SeeInvis .     - Unarmed
rCold    + . .     Gourm    .   (no shield)
rNeg     . . .     Faith    .   I - +0 troll leather armour
rPois    .         Spirit   .   (helmet restricted)
rElec    .         Reflect  .   (no cloak)
rCorr    .         Harm     .   (no gloves)
MR       .....                  (boots currently unavailable)
Stlth    +.........             z - amulet of rage
HPRegen  0.65/turn              u - +1 ring of protection
MPRegen  0.14/turn              D - ring of ice

@: mighty, appendage
A: retaliatory headbutt, horns 2, talons 3
a: End Transformation, Wall Jump, Serpent's Lash, Renounce Religion, Evoke
Berserk Rage


You were on level 10 of the Dungeon.
You worshipped Wu Jian.
Wu Jian was greatly pleased with you.
You were not hungry.
You had grown temporary talons.
You visited 1 branch of the dungeon, and saw 10 of its levels.

You collected 516 gold pieces.
You spent 154 gold pieces at shops.

Inventory:

Hand Weapons
 b - a +2 arbalest of velocity
Missiles
 a - 119 arrows
 F - 48 bolts
Armour
 v - a +1 leather armour of fire resistance
 I - a +0 troll leather armour (worn)
Jewellery
 c - an uncursed amulet of magic regeneration
 u - a +1 ring of protection (left hand)
 z - an amulet of rage (around neck)
 D - a ring of ice (right hand)
 E - an uncursed amulet of guardian spirit {unknown}
Wands
 h - a wand of acid (11)
 x - a wand of iceblast (19)
 G - a wand of paralysis (14)
Scrolls
 e - 5 scrolls of enchant armour
 f - 4 scrolls of remove curse
 g - 2 scrolls of random uselessness {unknown}
 j - a scroll of acquirement {unknown}
 n - 2 scrolls of fear
 o - 11 scrolls of identify
 p - 2 scrolls of fog {unknown}
 q - 2 scrolls of enchant weapon {unknown}
 y - 3 scrolls of noise {unknown}
 B - 4 scrolls of amnesia {unknown}
 C - 2 scrolls of teleportation {unknown}
Potions
 i - a potion of berserk rage {unknown}
 k - a potion of invisibility {unknown}
 l - 3 potions of magic
 r - a potion of haste {unknown}
 s - a potion of heal wounds {unknown}
 t - a potion of curing {unknown}
 w - 2 potions of flight {unknown}
 A - 2 potions of lignification {unknown}
Comestibles
 d - 15 rations
 H - 2 chunks of flesh


   Skills:
 + Level 9.0 Fighting
 + Level 8.4 Dodging
 + Level 8.9 Unarmed Combat
 + Level 3.8 Spellcasting
 * Level 6.5 Transmutations


You had 15 spell levels left.
You knew the following spells:

 Your Spells              Type           Power        Failure   Level  Hunger
a - Beastly Appendage     Tmut           ###...       1%          1    None

Your spell library contained the following spells:

 Spells                   Type           Power        Failure   Level  Hunger
 Sticks to Snakes         Tmut           ###.....     2%          2    ##.....
 Spider Form              Tmut/Pois      ##........   21%         3    ###....
 Freeze                   Ice            #...         26%         1    None
 Magic Dart               Conj           #...         26%         1    None
 Sting                    Conj/Pois      #...         26%         1    None
 Blink                    Tloc           N/A          36%         2    ##.....
 Call Imp                 Summ           #.......     36%         2    ##.....
 Poisonous Vapours        Pois/Air       #.....       36%         2    ##.....
 Slow                     Hex            #.......     36%         2    ##.....
 Throw Frost              Conj/Ice       #.....       36%         2    ##.....
 Blade Hands              Tmut           ###.......   43%         5    ######.
 Ice Form                 Ice/Tmut       ###.....     54%         4    ####...
 Conjure Flame            Conj/Fire      #.......     58%         3    ###....
 Mephitic Cloud           Conj/Pois/Air  #.......     58%         3    ###....
 Ozocubu's Armour         Chrm/Ice       #.......     58%         3    ###....
 Olgreb's Toxic Radiance  Pois           #.......     94%         4    ####...
 Summon Ice Beast         Ice/Summ       #.......     94%         4    ####...
 Throw Icicle             Conj/Ice       #.......     94%         4    ####...
 Bolt of Magma            Conj/Fire/Erth #.........   100%        5    ######.
 Iskenderun's Battlesphe  Conj/Chrm      #.......     100%        5    ######.
 Venom Bolt               Conj/Pois      #.........   100%        5    ######.
 Iron Shot                Conj/Erth      #.........   100%        6    #######
 Orb of Destruction       Conj           #.........   100%        7    #######
 Spellforged Servitor     Conj/Summ      #.........   100%        7    #######


Dungeon Overview and Level Annotations

Branches:
Dungeon (10/15)            Temple (0/1) D:7
   Lair: D:8-11         Orc: D:9-12

Altars:
Ashenzari
Makhleb
Trog
Wu Jian
Yredelemnul
Zin

Shops:
D:10 ?

Annotations:
D:5 2 transporters, tensugalgo's ghost, novice NaAM


Innate Abilities, Weirdness & Mutations

You reflexively headbutt those who attack you in melee.
You have a pair of horns on your head.
You have claws for feet.


Message History

* * * LOW HITPOINT WARNING * * *
You hit the gargoyle.
The gargoyle is heavily damaged.
The gargoyle barely misses you.
You hit the gargoyle.
You claw the gargoyle, but do no damage.
You headbutt the gargoyle, but do no damage.
The gargoyle is heavily damaged.
You hit the gargoyle.
The gargoyle is heavily damaged.
The gargoyle misses you. You furiously retaliate!
You headbutt the gargoyle, but do no damage.
You hit the gargoyle but do no damage. Your headbutt misses the gargoyle.
The gargoyle is heavily damaged.
The gargoyle hits you with a dire flail of holy wrath!
* * * LOW HITPOINT WARNING * * *
You feel very mighty all of a sudden.
The gargoyle hurls a stone arrow at you.
The stone arrow hits you!
You die...

#..... #.... ....## #....#
#.... #.# #.# #..# #.# #.#
#..# #.# #.# #9.# #####.#
#.# #.@# ..##.# #.# #..#
###.##.# #.###.>#
#.#.##.####.##...#
.#...............#
#.#.##.#######...#
#......########..#########
#...>.....<..............#
....#######.....:....###.##


You could see a gargoyle.

Vanquished Creatures
  A two-headed ogre (D:9)
  A troll (D:9)
  2 hippogriffs
  A vampire (D:9)
  Sigmund (D:6)
  8 yaks
  A hungry ghost (D:7)
  2 water moccasins
  4 black bears
  A hornet zombie (D:5)
  An orc warrior (D:8)
  5 ogres
  A crocodile (D:9)
  A gnoll sergeant (D:9)
  4 bullfrogs
  A wyvern skeleton (D:9)
  2 scorpions
  An electric eel (D:6)
  A howler monkey (D:10)
  4 crimson imps
  A centaur zombie (D:9)
  4 orc priests
  3 hounds
  3 jellies (D:8)
  A bullfrog skeleton (D:4)
  8 orc wizards
  3 iguanas
  5 worker ants
  2 hound skeletons
  A worker ant zombie (D:10)
  5 gnolls
  9 adders
  A shadow imp (D:5)
  6 oozes
  An adder skeleton (D:8)
  An adder zombie (D:7)
  4 worms
  8 dart slugs
  5 leopard geckos
  31 orcs
  12 bats
  10 giant cockroaches
  2 gnoll zombies (D:8)
  8 goblins
  5 hobgoblins
  10 jackals
  9 kobolds
  2 quokkas (D:4)
  2 ball pythons
  4 frilled lizards
  A jackal zombie (D:5)
  A leopard gecko skeleton (D:4)
  A leopard gecko zombie (D:6)
  7 rats
219 creatures vanquished.

Notes
Turn   | Place    | Note
-------+----------+-------------------------------------------
     0 | D:1      | Knicklaso the Minotaur Transmuter began the quest for the
                  | Orb.
     0 | D:1      | Reached XP level 1. HP: 16/16 MP: 1/1
    54 | D:1      | Reached XP level 2. HP: 16/24 MP: 0/3
   216 | D:1      | Reached skill level 2 in Fighting
   587 | D:1      | Reached XP level 3. HP: 9/29 MP: 4/4
  1780 | D:2      | Found an ornate altar of the Wu Jian Council.
  1801 | D:2      | Became a worshipper of the Wu Jian Council
  1809 | D:2      | Reached XP level 4. HP: 37/37 MP: 5/5
  1981 | D:2      | Reached skill level 3 in Fighting
  2474 | D:3      | Reached XP level 5. HP: 24/46 MP: 4/6
  2657 | D:3      | Reached * piety under Wu Jian
  3230 | D:3      | Found a burning altar of Makhleb.
  3236 | D:3      | Found a glowing silver altar of Zin.
  3236 | D:3      | Noticed an angel
  3239 | D:3      | Noticed a green death
  3432 | D:4      | Reached skill level 4 in Fighting
  3521 | D:4      | Reached ** piety under Wu Jian
  3558 | D:4      | Reached skill level 5 in Unarmed Combat
  3651 | D:4      | Reached XP level 6. HP: 48/52 MP: 7/7
  4468 | D:4      | Reached skill level 5 in Fighting
  4791 | D:5      | Entered Level 5 of the Dungeon
  4804 | D:5      | Reached skill level 5 in Dodging
  4928 | D:5      | Reached XP level 7. HP: 53/61 MP: 8/8
  4990 | D:5      | Found a transporter.
  5012 | D:5      | Found a transporter.
  5015 | D:5      | Noticed tensugalgo's ghost (novice NaAM)
  6007 | D:6      | Reached skill level 6 in Fighting
  7245 | D:6      | Noticed Sigmund
  7257 | D:6      | Killed Sigmund
  7257 | D:6      | Reached XP level 8. HP: 48/71 MP: 9/9
  7486 | D:5      | Noticed a rust devil
  7486 | D:5      | Noticed a rust devil
  8145 | D:7      | Found a shattered altar of Ashenzari.
  8510 | D:7      | Paralysed by fainting for 8 turns
  8766 | D:7      | Found a staircase to the Ecumenical Temple.
  8767 | D:7      | Noticed a hippogriff
  8778 | D:7      | Killed a hippogriff
  8778 | D:7      | Reached skill level 7 in Fighting
  9471 | D:8      | Reached *** piety under Wu Jian
  9484 | D:8      | Reached XP level 9. HP: 43/79 MP: 11/11
 10342 | D:8      | Found a basalt altar of Yredelemnul.
 11591 | D:9      | Reached skill level 8 in Fighting
 11591 | D:9      | Reached skill level 5 in Transmutations
 11610 | D:9      | Reached **** piety under Wu Jian
 11791 | D:9      | Found a bloodstained altar of Trog.
 11804 | D:9      | Noticed a two-headed ogre
 12533 | D:9      | Reached XP level 10. HP: 34/89 MP: 13/13
 12979 | D:9      | Killed a two-headed ogre
 13230 | D:10     | Entered Level 10 of the Dungeon
 13499 | D:10     | Found Umnuac's Magic Scroll Shop.
 13545 | D:10     | Reached skill level 9 in Fighting
 13656 | D:10     | Bought a scroll of enchant armour for 105 gold pieces
 13656 | D:10     | Bought a scroll of fear for 49 gold pieces
 13678 | D:10     | Noticed a gargoyle
 13696 | D:10     | Killed from afar by a gargoyle

Skill      XL: |  1  2  3  4  5  6  7  8  9 10 |
---------------+-------------------------------+-----
Fighting       | 2 3 4 5 6 7 8 9 |  9.0
Dodging        | 3 4 5 6 7 8 |  8.4
Unarmed Combat | 4 5 6 7 8 |  8.9
Transmutations | 2 3 5 6 |  6.5
Spellcasting   | 2 3 |  3.8

Action                   |  1- 3 |  4- 6 |  7- 9 | 10-12 || total
-------------------------+-------+-------+-------+-------++-------
Melee: Unarmed           |    83 |   148 |   415 |    97 ||   743
       Headbutt          |     8 |    20 |    53 |    24 ||   105
       Kick              |     3 |    13 |     8 |     6 ||    30
       Punch             |       |     1 |    16 |     4 ||    21
       Hunting sling     |       |       |     2 |       ||     2
 Fire: Hunting sling     |    22 |    75 |    13 |       ||   110
       Arbalest          |       |       |    27 |       ||    27
 Cast: Beastly Appendage |     2 |     8 |     5 |     2 ||    17
Invok: Lunge             |       |     5 |    33 |     3 ||    41
       Whirlwind         |       |       |    28 |    12 ||    40
       Wall Jump         |       |       |     3 |       ||     3
  Use: Potion            |       |     1 |       |     1 ||     2
       Scroll            |       |       |       |     2 ||     2
 Stab: Sleeping          |     1 |       |     2 |       ||     3
  Eat: Chunk             |     3 |     9 |    17 |     4 ||    33
       Ration            |       |       |     3 |       ||     3
Armor: Robe              |    12 |    10 |    26 |     3 ||    51
       Leather armour    |       |    15 |    10 |       ||    25
       Troll leather arm |       |       |       |     2 ||     2
Dodge: Dodged            |    54 |    98 |   253 |    56 ||   461
